 Dungeon Crawl Stone Soup version 0.21.1-1-g345015fe64 (webtiles) character file.

65459 RepoMan the Martial Artist (level 14, -2/124 HPs)
             Began as a Yellow Draconian Transmuter on July 7, 2018.
             Was the Champion of Wu Jian.
             Slain by a tengu warrior
             ... wielding a +3 long sword
              (10 damage)
             ... on level 15 of the Dungeon.
             The game lasted 02:06:12 (25793 turns).

RepoMan the Martial Artist (DrTm)                  Turns: 25793, Time: 02:06:13

Health: -2/124     AC: 10    Str: 17    XL:     14   Next: 75%
Magic:  26/26      EV: 20    Int: 14    God:    Wu Jian [******]
Gold:   1097       SH:  0    Dex: 17    Spells: 6/29 levels left

rFire    . . .     SeeInvis .     - Unarmed
rCold    . . .     Gourm    .   (shield currently unavailable)
rNeg     . . .     Faith    .   (armour unavailable)
rPois    .         Spirit   .   (helmet restricted)
rElec    .         Reflect  .   l - +0 cloak
rCorr    +         Harm     .   (gloves currently unavailable)
MR       +....                  w - +0 pair of boots
Stlth    ++........             P - amulet of magic regeneration
HPRegen  0.30/turn              h - +3 ring of strength
MPRegen  0.45/turn              o - +2 ring of dexterity

@: blade hands
A: spit acid, acid resistance, unfitting armour, acidic bite, cold-blooded, AC
+8
a: Breathe Acid, End Transformation, Wall Jump, Serpent's Lash, Heavenly Storm,
Renounce Religion


You were on level 15 of the Dungeon.
You worshipped Wu Jian.
Wu Jian was exalted by your worship.
You were hungry.
You had blades for hands.
You visited 3 branches of the dungeon, and saw 22 of its levels.

You collected 1097 gold pieces.

Inventory:

Missiles
 a - 391 arrows
 q - 2 throwing nets (quivered)
 M - 14 curare-tipped needles
Armour
 l - a +0 cloak (worn)
 w - a +0 pair of boots (worn)
Jewellery
 e - an uncursed ring of flight
 h - a +3 ring of strength (left scythe-like blade)
 m - an uncursed ring of fire
 o - a +2 ring of dexterity (right scythe-like blade)
 r - a +1 ring of evasion
 H - a +5 ring of intelligence
 L - an uncursed ring of protection from magic
 P - an amulet of magic regeneration (around neck)
 R - an uncursed ring of ice {unknown}
Wands
 d - a wand of enslavement (6)
 f - a wand of random effects (125)
 k - a wand of flame (5)
 n - a wand of iceblast (5)
 z - a wand of paralysis (20)
 J - a wand of acid (23)
 N - a wand of disintegration (16)
Scrolls
 g - 5 scrolls of teleportation
 i - 15 scrolls of identify
 j - a scroll of enchant armour
 p - 5 scrolls of remove curse
 v - 2 scrolls of amnesia
 x - 3 scrolls of fog
 y - a scroll of magic mapping {unknown}
 B - a scroll of random uselessness
 C - 3 scrolls of silence
 D - 2 scrolls of blinking
 G - 3 scrolls of fear
Potions
 s - 4 potions of brilliance
 u - a potion of curing
 A - a potion of cancellation
 E - a potion of heal wounds
 F - 2 potions of berserk rage
 I - a potion of magic {unknown}
 K - a potion of flight
 O - 2 potions of might
 S - a potion of haste {unknown}
Books
 t - a Necronomicon

   Spells                             Type                      Level
   a - Haunt                          Necromancy/Summoning         7
   b - Borgnjor's Revivification      Necromancy                   8
   c - Death's Door                   Charms/Necromancy            8
   d - Infestation                    Necromancy                   8
   e - Necromutation                  Transmutation/Necromancy     8
 Q - a book of Minor Magic

   Spells                             Type                      Level
   a - Magic Dart                     Conjuration                  1
   b - Blink                          Translocation                2
   c - Call Imp                       Summoning                    2
   d - Slow                           Hexes                        2
   e - Conjure Flame                  Conjuration/Fire             3
   f - Mephitic Cloud                 Conjuration/Poison/Air       3
Miscellaneous
 b - a phial of floods (inert)
Comestibles
 c - 13 rations


   Skills:
 + Level 11.3 Fighting
 * Level 10.3 Dodging
 * Level 14.2 Unarmed Combat
 + Level 8.2 Spellcasting
 + Level 2.8 Translocations
 * Level 13.8 Transmutations


You had 6 spell levels left.
You knew the following spells:

 Your Spells              Type           Power        Failure   Level  Hunger
a - Beastly Appendage     Tmut           #####.       5%          1    None
b - Blink                 Tloc           N/A          36%         2    None
c - Spider Form           Tmut/Pois      ####......   22%         3    ##.....
h - Blade Hands           Tmut           #####.....   16%         5    #####..
i - Ice Form              Ice/Tmut       ####....     41%         4    ####...
p - Petrify               Tmut/Erth      ####....     41%         4    ####...
t - Sticks to Snakes      Tmut           #####...     6%          2    None
w - Passwall              Tmut/Erth      ####......   16%         2    None


Dungeon Overview and Level Annotations

Branches:
Dungeon (15/15)            Temple (1/1) D:4            Lair (6/6) D:8
 Shoals (0/4) Lair:2       Spider (0/4) Lair:4        Slime (0/5) Lair:6
    Orc (0/2) D:11         Vaults (0/5) D:13
 Depths: D:15

Altars:
Ashenzari
Cheibriados
Dithmenos
Elyvilon
Fedhas
Gozag
Hepliaklqana
Kikubaaqudgha
Makhleb
Nemelex Xobeh
Okawaru
Qazlal
Ru
Sif Muna
Trog
Uskayaw
Vehumet
Wu Jian
Xom
Yredelemnul
Zin
The Shining One
Beogh

Shops:
D:4 [

Annotations:
Lair:5 exclusion: 3 oklob plants


Innate Abilities, Weirdness & Mutations

You can spit globs of acid.
You are resistant to acid.
Your golden yellow scales are hard. (AC +8)
You cannot fit into any form of body armour.
You have acidic saliva.
You are cold-blooded and may be slowed by cold attacks.


Message History

The tengu warrior completely misses you.
The centaur warrior shoots an arrow.
The arrow hits you but does no damage.
You see here 2 arrows.
Unknown command.
As you read the scroll of fog, it crumbles to dust.
The scroll dissolves into smoke.
The centaur warrior shoots an arrow.
The arrow hits you!
* * * LOW HITPOINT WARNING * * *
The tengu warrior hits you with an enchanted long sword.
* * * LOW HITPOINT WARNING * * *
The tengu warrior pecks you.
* * * LOW HITPOINT WARNING * * *
The tengu warrior claws you.
* * * LOW HITPOINT WARNING * * *
Unknown command.
You spin and attack the tengu warrior.
You hit the tengu warrior. Your slash misses the tengu warrior.
The tengu warrior is severely wounded.
The tengu warrior hits you with an enchanted long sword!
You die...

#.# ## #.# .....
.#c#### ..... #e§#
##§§# # ###§Q§##
#.....#.§§@.§##
.)........§§..##
..........§§......
..................#
...................#
...................#
.............%.#..##
.................##
........<........


You could see a tengu warrior (pinned) and a deep elf mage.

Vanquished Creatures
  Josephine (Lair:5)
  2 vault guards (D:13)
  6 hydras
  A catoblepas (Lair:6)
  A centaur warrior (D:13)
  Erica (D:7)
  A deep troll shaman (Lair:6)
  2 tengu warriors
  3 death yaks (Lair:6)
  8 two-headed ogres
  An orc high priest (D:12)
  Sonja (D:12)
  4 unseen horrors
  A wizard (D:13)
  Pikel (D:8)
  2 necromancers (D:13)
  An orc knight (D:12)
  2 orc sorcerers (D:12)
  An oklob plant (Lair:5)
  2 cyclopes (D:13)
  6 ugly things
  A centaur zombie (D:13)
  3 elephants (Lair:6)
  7 black mambas
  2 gargoyles
  11 spiny frogs
  2 rime drakes
  5 komodo dragons
  4 jumping spiders (Lair:4)
  A tengu conjurer (D:14)
  2 polar bears
  4 trolls
  A merfolk (Lair:2)
  8 blink frogs
  9 slime creatures
  6 hippogriffs
  The ghost of patthesweetcat the Firebug, an amateur OpFE (D:4)
  Sigmund (D:5)
  A shadow (D:14)
  2 redbacks (Lair:4)
  A spriggan (Lair:4)
  2 wyverns
  3 hogs
  3 wraiths (Lair:5)
  3 basilisks
  19 yaks
  7 vampire mosquitoes
  17 humans
  A hungry ghost (D:9)
  A soldier ant (D:13)
  13 water moccasins
  13 porcupines
  13 orc warriors
  A slave (D:8)
  5 black bears
  A phantom (D:12)
  5 ice beasts
  2 sky beasts
  5 ogres
  3 boggarts (D:14)
  16 wolves
  8 centaurs
  19 crocodiles
  3 electric eels (D:11)
  A big kobold (D:13)
  11 bullfrogs
  A gnoll sergeant (D:8)
  2 wyvern skeletons
  A scorpion (D:14)
  18 killer bees
  9 wights
  2 howler monkeys
  2 bullfrog zombies
  4 crimson imps
  7 hounds
  4 jellies
  3 centaur skeletons
  3 orc priests
  15 orc wizards
  3 bullfrog skeletons
  3 iguanas
  4 worker ants
  8 gnolls
  11 adders
  7 shadow imps
  2 oozes (D:1)
  An adder zombie (D:9)
  2 adder skeletons
  5 worms
  2 dart slugs (D:1)
  4 leopard geckos
  47 orcs
  5 giant cockroaches
  7 goblins
  5 hobgoblins
  13 jackals
  13 kobolds
  4 quokkas
  5 bats
  9 frilled lizards
  A jackal zombie (D:5)
  2 quokka skeletons
  10 rats
  5 plants
544 creatures vanquished.

Vanquished Creatures (collateral kills)
  2 ugly things (D:14)
  A cyclops (D:14)
  2 slime creatures (D:14)
  A yak (D:14)
  3 basilisks
  An ogre (D:14)
  2 howler monkeys (D:14)
  An orc priest (D:11)
  An orc wizard (D:11)
  A shadow imp (D:7)
  4 orcs (D:11)
19 creatures vanquished.

Vanquished Creatures (others)
  2 slaves (D:8)
  A bullfrog zombie (D:8)
  An orc wizard (D:8)
  2 adders
  4 orcs (D:8)
  23 fungi
  17 plants
50 creatures vanquished.

Grand Total: 613 creatures vanquished

Notes
Turn   | Place    | Note
-------+----------+-------------------------------------------
     0 | D:1      | RepoMan the Draconian Transmuter began the quest for the Orb.
     0 | D:1      | Reached XP level 1. HP: 16/16 MP: 3/3
    54 | D:1      | Reached XP level 2. HP: 19/23 MP: 3/5
    58 | D:1      | Learned a level 2 spell: Sticks to Snakes
   293 | D:1      | Reached XP level 3. HP: 23/28 MP: 4/6
   298 | D:1      | Learned a level 3 spell: Spider Form
   981 | D:2      | Reached XP level 4. HP: 36/36 MP: 7/7
  1587 | D:3      | Found an opulent altar of Gozag.
  1959 | D:3      | Reached skill level 4 in Unarmed Combat
  1963 | D:3      | Reached XP level 5. HP: 23/41 MP: 4/9
  2706 | D:4      | Noticed patthesweetcat's ghost (amateur OpFE)
  2722 | D:4      | Killed patthesweetcat's ghost
  2722 | D:4      | Reached XP level 6. HP: 9/50 MP: 4/10
  3221 | D:4      | Found Hiptef's Armour Emporium.
  3272 | D:4      | Found a basalt altar of Yredelemnul.
  3309 | D:4      | Found a staircase to the Ecumenical Temple.
  3320 | Temple   | Entered the Ecumenical Temple
  3524 | Temple   | Became a worshipper of the Wu Jian Council
  3881 | D:5      | Entered Level 5 of the Dungeon
  3903 | D:5      | Noticed Sigmund
  3921 | D:5      | Killed Sigmund
  3921 | D:5      | Reached skill level 5 in Unarmed Combat
  4077 | D:5      | Your scales start taking on a golden yellow colour.
  4077 | D:5      | Reached XP level 7. HP: 56/57 MP: 10/12
  5014 | D:7      | Reached skill level 6 in Unarmed Combat
  5014 | D:7      | Reached skill level 5 in Transmutations
  5069 | D:7      | Reached XP level 8. HP: 59/66 MP: 9/13
  5426 | D:7      | Reached * piety under Wu Jian
  5872 | D:7      | Reached skill level 7 in Unarmed Combat
  6053 | D:7      | Reached skill level 5 in Fighting
  6076 | D:6      | Reached XP level 9. HP: 8/74 MP: 15/15
  6552 | D:8      | Noticed a two-headed ogre
  6728 | D:8      | Noticed Erica
  6744 | D:7      | Killed Erica
  6744 | D:7      | Reached skill level 8 in Unarmed Combat
  6986 | D:8      | Noticed Pikel
  6992 | D:8      | Killed Pikel
  6992 | D:8      | Reached skill level 5 in Dodging
  6992 | D:8      | Reached skill level 5 in Spellcasting
  7042 | D:8      | Reached ** piety under Wu Jian
  7076 | D:8      | Noticed a two-headed ogre
  7314 | D:8      | Noticed a two-headed ogre
  7318 | D:8      | Reached XP level 10. HP: 74/84 MP: 15/17
  7330 | D:8      | Killed a two-headed ogre
  7330 | D:8      | Reached skill level 9 in Unarmed Combat
  7887 | D:8      | Killed a two-headed ogre
  8270 | D:8      | Killed a two-headed ogre
  8655 | D:8      | Learned a level 5 spell: Blade Hands
  8657 | D:8      | Found a staircase to the Lair.
  9652 | D:9      | Reached skill level 10 in Unarmed Combat
  9787 | D:9      | Found a hazy altar of Hepliaklqana.
  9790 | D:9      | Found an opulent altar of Gozag.
  9791 | D:9      | Found a blossoming altar of Fedhas.
  9791 | D:9      | Found a white marble altar of Elyvilon.
  9791 | D:9      | Found a sacrificial altar of Ru.
  9791 | D:9      | Found a radiant altar of Vehumet.
  9837 | D:10     | Entered Level 10 of the Dungeon
  9946 | D:10     | Reached XP level 11. HP: 92/92 MP: 14/20
  9952 | D:10     | Reached *** piety under Wu Jian
 10206 | D:10     | Killed an unseen horror
 11187 | D:11     | Noticed a two-headed ogre
 11199 | D:11     | Killed a two-headed ogre
 11568 | D:11     | Found a staircase to the Orcish Mines.
 11860 | D:11     | Reached **** piety under Wu Jian
 12017 | D:11     | Noticed a red ugly thing
 12022 | D:11     | Killed a red ugly thing
 12651 | D:11     | Learned a level 4 spell: Ice Form
 12656 | D:11     | Learned a level 4 spell: Petrify
 12745 | Lair:1   | Entered Level 1 of the Lair of Beasts
 12945 | Lair:1   | Reached skill level 10 in Transmutations
 12948 | Lair:1   | Reached skill level 11 in Unarmed Combat
 13562 | Lair:1   | Reached XP level 12. HP: 80/103 MP: 20/22
 14184 | Lair:2   | Noticed a four-headed hydra
 14197 | Lair:2   | Killed a four-headed hydra
 14693 | Lair:2   | Found a staircase to the Shoals.
 15108 | Lair:2   | Learned a level 2 spell: Passwall
 16074 | Lair:4   | Reached skill level 12 in Unarmed Combat
 16372 | Lair:4   | Found a hole to the Spider Nest.
 16440 | Lair:4   | Noticed an eight-headed hydra
 16452 | Lair:4   | Killed an eight-headed hydra
 16523 | Lair:4   | Reached ***** piety under Wu Jian
 17353 | Lair:5   | Noticed Josephine
 17362 | Lair:5   | Killed Josephine
 17362 | Lair:5   | Reached XP level 13. HP: 59/112 MP: 20/24
 18511 | Lair:6   | Entered Level 6 of the Lair of Beasts
 18674 | Lair:6   | Found a staircase to the Slime Pits.
 18783 | Lair:6   | Reached skill level 10 in Fighting
 19842 | Lair:6   | Reached skill level 13 in Unarmed Combat
 20906 | D:12     | Noticed Sonja
 20914 | D:12     | Killed Sonja
 21075 | D:12     | Found a runed door.
 21303 | D:12     | Found a roughly hewn altar of Beogh.
 21503 | D:12     | Gained mutation: You have acidic saliva. [Yellow Draconian growth]
 21503 | D:12     | Reached XP level 14. HP: 122/122 MP: 19/25
 22317 | D:13     | Reached ****** piety under Wu Jian
 22340 | D:13     | Learned a level 2 spell: Blink
 22890 | D:13     | Reached skill level 1 in Translocations
 23027 | D:13     | Found a gate to the Vaults.
 24437 | D:14     | Reached skill level 14 in Unarmed Combat
 24535 | D:14     | Reached skill level 10 in Dodging
 25627 | D:15     | Entered Level 15 of the Dungeon
 25793 | D:15     | Slain by a tengu warrior

Skill      XL: |  1  2  3  4  5  6  7  8  9 10 11 12 13 14 |
---------------+-------------------------------------------+-----
Transmutations | 3 4 5 7 8 10 11 13 | 13.8
Fighting       | 2 3 4 5 6 7 8 9 10 11 | 11.3
Unarmed Combat | 4 5 6 7 8 10 11 12 13 14 | 14.2
Spellcasting   | 3 4 5 6 7 8 |  8.2
Dodging        | 2 3 4 5 6 7 8 9 10 | 10.3
Translocations | 2 |  2.8

Action                   |  1- 3 |  4- 6 |  7- 9 | 10-12 | 13-15 || total
-------------------------+-------+-------+-------+-------+-------++-------
Melee: Unarmed           |   119 |   146 |   226 |   556 |   630 ||  1677
       Kick              |    15 |    15 |     5 |       |       ||    35
       Tailslap          |    13 |    12 |    13 |    33 |    51 ||   122
       Punch             |     4 |     2 |     3 |     9 |    32 ||    50
       Headbutt          |     3 |     5 |    13 |     9 |    13 ||    43
       Bite              |       |       |       |       |    26 ||    26
Throw: Throwing net      |       |       |       |     1 |       ||     1
 Cast: Beastly Appendage |    20 |    21 |    17 |    12 |     8 ||    78
       Spider Form       |       |     6 |    14 |    28 |     2 ||    50
       Sticks to Snakes  |       |     2 |     7 |     3 |    35 ||    47
       Blade Hands       |       |       |       |    36 |    38 ||    74
       Ice Form          |       |       |       |    11 |    18 ||    29
       Petrify           |       |       |       |       |     1 ||     1
       Blink             |       |       |       |       |     4 ||     4
       Passwall          |       |       |       |       |     2 ||     2
Invok: Lunge             |       |     1 |     4 |    96 |   104 ||   205
       Whirlwind         |       |       |     1 |   105 |   209 ||   315
       Wall Jump         |       |       |       |    30 |    42 ||    72
 Abil: Breathe Acid      |       |       |    27 |    14 |     7 ||    48
       End Transformatio |       |       |       |     3 |     1 ||     4
Evoke: Wand              |       |       |     7 |    26 |    14 ||    47
       Phial of floods   |       |       |       |       |     1 ||     1
  Use: Scroll            |       |       |    13 |    10 |     3 ||    26
       Potion            |       |       |     6 |     1 |     1 ||     8
 Stab: Sleeping          |     1 |       |       |       |     2 ||     3
       Invisible         |       |       |     1 |       |       ||     1
       Held in net/web   |       |       |       |     2 |       ||     2
       Paralysed         |       |       |       |     4 |       ||     4
       Petrified         |       |       |       |       |     4 ||     4
       Distracted        |       |       |       |       |     1 ||     1
  Eat: Chunk             |     1 |     5 |     6 |    27 |    16 ||    55
       Ration            |       |     2 |     3 |     8 |     7 ||    20
Armor: Skin              |    22 |    24 |    29 |    55 |    65 ||   195
Dodge: Dodged            |    73 |    65 |   177 |   382 |   281 ||   978
